 Dungeon Crawl Stone Soup version 0.21.1-1-g345015f (webtiles) character file.

213 Melicamp the Skirmisher (level 5, -5/59 HPs)
             Began as an Ogre Wanderer on Apr 14, 2018.
             Slain by Dowan the scorpion (6 damage)
             ... on level 4 of the Dungeon.
             The game lasted 00:13:54 (5054 turns).

Melicamp the Skirmisher (Ogre Wanderer)             Turns: 5054, Time: 00:13:54

Health: -5/59      AC:  3    Str: 16    XL:     5   Next: 90%
Magic:  6/6        EV:  9    Int: 15    God:
Gold:   165        SH:  0    Dex:  7    Spells: 5/6 levels left

rFire    . . .     SeeInvis +   v - +6 club
rCold    . . .     Gourm    .   (no shield)
rNeg     . . .     Faith    .   e - +0 robe
rPois    .         Spirit   .   (helmet restricted)
rElec    .         Reflect  .   (no cloak)
rCorr    .         Harm     +   (gloves unavailable)
MR       .....                  (boots unavailable)
Stlth    +.........             l - amulet of harm
HPRegen  0.19/turn              p - ring of see invisible
MPRegen  0.10/turn              (no ring)

@: lethally poisoned (-5 -> -10), about to teleport
A: large, unfitting armour, tough skin 1
a: no special abilities


You were on level 4 of the Dungeon.
You were not hungry.

You visited 1 branch of the dungeon, and saw 4 of its levels.

You collected 165 gold pieces.

Inventory:

Hand Weapons
 b - a +3 blowgun
 c - a +0 short sword
 v - a +6 club (weapon)
   (You took it off Ijyb on level 2 of the Dungeon)
Missiles
 a - 2 curare-tipped needles
 g - 170 stones (quivered)
 h - 73 arrows
 t - 16 poisoned needles
Armour
 e - a +0 robe (worn)
Jewellery
 j - an uncursed amulet of rage
   (You found it on level 1 of the Dungeon)
 l - an amulet of harm (around neck)
   (You found it on level 2 of the Dungeon)
 p - a ring of see invisible (left hand)
   (You found it on level 3 of the Dungeon)
 q - an uncursed ring of ice
   (You found it on level 2 of the Dungeon)
Wands
 o - a wand of polymorph (8)
   (You took it off Ijyb on level 2 of the Dungeon)
Scrolls
 i - 2 scrolls of teleportation
Potions
 k - 2 potions of magic
 m - 2 potions of lignification
 n - 2 potions of curing {unknown}
 r - a potion of heal wounds {unknown}
Books
 d - Sif Muna's Disquisition on Venom

   Spells                             Type                      Level
   a - Sting                          Conjuration/Poison           1
   b - Spider Form                    Transmutation/Poison         3
Comestibles
 f - 5 rations


   Skills:
 * Level 6.1 Fighting
 - Level 1.7 Short Blades
 + Level 3.2 Throwing
   Level 1.0 Shields
 - Level 1.2 Spellcasting
   Level 2.6 Air Magic
 - Level 1.0 Poison Magic


You had 5 spell levels left.
You knew the following spells:

 Your Spells              Type           Power        Failure   Level  Hunger
a - Sting                 Conj/Pois      #...         21%         1    ##.....


Dungeon Overview and Level Annotations

Branches:
Dungeon (4/15)
 Temple: D:4-7

Altars:

Annotations:
D:4 Dowan, Duvessa


Innate Abilities, Weirdness & Mutations

You are too large for most types of armour.
You have tough skin. (AC +1)


Message History

The leopard gecko closely misses you.
You hit the leopard gecko.
The leopard gecko is heavily wounded.
The leopard gecko bites you.
The leopard gecko bites you but does no damage.
You hit the leopard gecko.
You kill the leopard gecko!
The frilled lizard bites you but does no damage.
You closely miss the frilled lizard.
The frilled lizard bites you but does no damage.
You sock the frilled lizard!
You kill the frilled lizard!
No target in view!
No target in view!
No target in view!
No target in view!
No target in view!
No target in view!
No target in view!
Things that are here:
a frilled lizard corpse; a leopard gecko corpse You see here a robe.
Done exploring.
Done exploring.
Done exploring.
Done exploring.
No target in view!
As you read the scroll of identify, it crumbles to dust.
k - 2 potions of magic
j - an amulet of rage (around neck)
You remove your amulet of rage.
l - an amulet of harm (around neck)
p - a ring of see invisible (left hand)
You feel more attuned to ice.
q - a ring of ice (right hand)
You remove your ring of ice.
(D) Dungeon
Where to? (Enter - D:2 @ (x,y), ? - help)
There is a stone staircase leading down here.
You climb downwards.
Duvessa and Dowan come into view.
Duvessa shouts!
Dowan shouts!
Found a sedimented amethyst potion.
There is a stone staircase leading up here.
Evoke which item? (* to show all) (? for menu, Esc to quit)
Aiming: Polymorph
Press: ? - help, Shift-Dir - straight line, f - Dowan
Aim: Dowan, wielding a dagger and wearing a robe (chance to defeat MR: 46%) Dowan resists with some effort.
Dowan says, "Magic and the sword, together, will defeat you."
Evoke which item? (* to show all) (? for menu, Esc to quit)
Aiming: Polymorph
Press: ? - help, Shift-Dir - straight line, f/p - Dowan
Aim: Dowan, wielding a dagger and wearing a robe (chance to defeat MR: 46%) Dowan resists with some effort.
Evoke which item? (* to show all) (? for menu, Esc to quit)
Aiming: Polymorph
Press: ? - help, Shift-Dir - straight line, f/p - Dowan
Aim: Dowan, wielding a dagger and wearing a robe (chance to defeat MR: 46%) Dowan evaporates and reforms as a scorpion!
You hit Duvessa.
Duvessa is lightly wounded.
Duvessa hits you with a rapier!
You hit Duvessa.
Duvessa is moderately wounded.
Duvessa barely misses you. Dowan closely misses you.
You hit Duvessa.
Duvessa is heavily wounded.
Duvessa hits you with a rapier. Dowan stings you!
You closely miss Duvessa.
Duvessa is heavily wounded.
Duvessa hits you with a rapier. Dowan stings you! Dowan stings you.
Duvessa says, "When magic and the sword combine, nothing stands against them."
Duvessa hits you with a rapier.
* * * LOW HITPOINT WARNING * * *
You hit Duvessa.
Duvessa is severely wounded.
Dowan stings you but does no damage. Duvessa hits you with a rapier.
* * * LOW HITPOINT WARNING * * *
As you read the scroll of teleportation, it crumbles to dust.
You feel strangely unstable. Dowan closely misses you.
Duvessa hits you with a rapier.
* * * LOW HITPOINT WARNING * * *
You hit Duvessa but do no damage.
Duvessa is severely wounded.
Dowan stings you.
* * * LOW HITPOINT WARNING * * *
You are lethally poisoned!
Dowan poisons you! Duvessa barely misses you.
You sock Duvessa!
Duvessa is almost dead.
* * * LOW HITPOINT WARNING * * *
You feel sick. Dowan closely misses you.
Duvessa gestures with her weapon.
Duvessa barely misses you.
You closely miss Duvessa.
Duvessa is almost dead.
* * * LOW HITPOINT WARNING * * *
You feel sick. Dowan stings you.
You die...

...
..### ##
# ....
...# ...
.#.###
.)#.....
#.....#
#.es..#
#@.!#
##.## .#
.# +#


You could see Duvessa and Dowan the scorpion.

Vanquished Creatures
  The ghost of Totori the Sneak, a weakling NaTm (D:3)
  Ijyb (D:2)
  7 adders
  An ooze (D:1)
  3 worms
  3 dart slugs (D:1)
  3 leopard geckos
  An orc (D:3)
  9 bats
  4 giant cockroaches
  10 goblins
  4 hobgoblins
  3 jackals (D:3)
  A frilled lizard (D:3)
  2 kobolds (D:1)
  8 rats
61 creatures vanquished.

Notes
Turn   | Place    | Note
-------+----------+-------------------------------------------
     0 | D:1      | Melicamp the Ogre Wanderer began the quest for the Orb.
     0 | D:1      | Melicamp set off with: 3 curare-tipped needles, a +2 blowgun, a +0 short sword, Sif Muna's Disquisition on Venom, a +0 robe, a ration
     0 | D:1      | Reached XP level 1. HP: 19/19 MP: 2/2
     1 | D:1      | Identified Sif Muna's Disquisition on Venom
     6 | D:1      | Learned a level 1 spell: Sting
    31 | D:1      | Reached skill level 2 in Fighting
    55 | D:1      | HP: 4/20 [hobgoblin/club (4)]
    57 | D:1      | HP: 1/20 [hobgoblin/club (3)]
    58 | D:1      | Reached XP level 2. HP: 2/29 MP: 1/3
   721 | D:1      | Reached skill level 3 in Fighting
   803 | D:1      | Reached XP level 3. HP: 34/37 MP: 0/4
  1551 | D:2      | HP: 1/37 [worm (9)]
  2114 | D:2      | Reached skill level 2 in Throwing
  2432 | D:2      | Reached skill level 4 in Fighting
  2521 | D:2      | Reached XP level 4. HP: 36/48 MP: 5/5
  3037 | D:3      | Noticed Ijyb
  3346 | D:2      | Killed Ijyb
  3435 | D:3      | Reached skill level 5 in Fighting
  3435 | D:3      | Reached XP level 5. HP: 40/57 MP: 6/6
  3824 | D:3      | Noticed Totori's ghost (weakling NaTm)
  3839 | D:3      | HP: 14/57 [Totori's ghost (9)]
  3841 | D:3      | HP: 5/57 [Totori's ghost (2)]
  4125 | D:3      | HP: 10/57 [Totori's ghost (7)]
  4127 | D:3      | HP: 3/57 [Totori's ghost (7)]
  4441 | D:3      | Killed Totori's ghost
  4441 | D:3      | Reached skill level 3 in Throwing
  4713 | D:3      | Reached skill level 6 in Fighting
  5042 | D:4      | Noticed Duvessa
  5042 | D:4      | Noticed Dowan
  5045 | D:4      | Noticed Dowan
  5045 | D:4      | Dowan changed into Dowan the scorpion
  5050 | D:4      | HP: 12/59 [Duvessa/rapier (4)]
  5052 | D:4      | HP: 4/59 [Dowan the scorpion (6)]
  5054 | D:4      | HP: 1/59 [poisoned by Dowan]
  5054 | D:4      | Slain by Dowan the scorpion

Skill      XL: |  1  2  3  4  5 |
---------------+----------------+-----
Fighting       | 2 3 4 5 6 |  6.1
Throwing       | 2 3 |  3.2
Short Blades   | |  1.7
Shields        | |  1.0
Spellcasting   | |  1.2
Air Magic      | |  2.6
Poison Magic   | |  1.0

Action                   |  1- 3 |  4- 6 || total
-------------------------+-------+-------++-------
Melee: Short sword       |   137 |    78 ||   215
       Unarmed           |       |    23 ||    23
       Club              |       |    52 ||    52
       Blowgun           |       |     1 ||     1
 Fire: Blowgun           |       |    34 ||    34
Throw: Stone             |    44 |    13 ||    57
 Cast: Sting             |    17 |     1 ||    18
Evoke: Wand              |       |     3 ||     3
  Use: Scroll            |     6 |     5 ||    11
 Stab: Confused          |       |     1 ||     1
  Eat: Chunk             |     6 |     4 ||    10
       Ration            |       |     1 ||     1
Armor: Robe              |    47 |    40 ||    87
       Skin              |       |     2 ||     2
Dodge: Dodged            |    64 |    82 ||   146

Vault maps used:
D:1:      mrwooster_arrival_statue, minmay_misc_feat_chi
D:2:      first_ration, lemuel_flame_loot_1
D:3:      grunt_decor_arrowhead, uniq_ijyb
D:4:      nemelex_spade_bored_becter, uniq_duvessa

Table legend:
 A = Turns spent in this place as a percentage of turns spent in the entire game.
 B = Non-inter-level travel turns spent in this place as a percentage of non-inter-level travel turns spent in the entire game.
 C = Inter-level travel turns spent in this place as a percentage of turns spent in this place.
 D = Turns resting spent in this place as a percentage of non-inter-level travel turns spent in this place.
 E = Turns spent auto-exploring this place as a percentage of non-inter-level travel turns spent in this place.
 F = Non-inter-level travel turns spent in this place divided by the number of levels of this place that you've seen.
                   A       B       C       D       E      F
               +-------+-------+-------+-------+-------+----------------------
         Total | 100.0 | 100.0 |   2.5 |  51.3 |  30.5 | 1232.5
       Dungeon | 100.0 | 100.0 |   2.5 |  51.3 |  30.5 | 1232.5
               +-------+-------+-------+-------+-------+----------------------

Table legend:
 A = Kills in this place as a percentage of kills in entire the game.
 B = Kills by you in this place as a percentage of kills by you in the entire game.
 C = Kills by friends in this place as a percentage of kills by friends in the entire game.
 D = Other kills in this place as a percentage of other kills in the entire game.
 E = Experience gained in this place as a percentage of experience gained in the entire game.
 F = Experience gained in this place divided by the number of levels of this place that you have seen.
                   A       B       C       D       E      F
               +-------+-------+-------+-------+-------+----------------------
         Total | 100.0 | 100.0 |   N/A |   N/A | 100.0 |  76.2
       Dungeon | 100.0 | 100.0 |   N/A |   N/A | 100.0 |  76.2
               +-------+-------+-------+-------+-------+----------------------
